 Dungeon Crawl Stone Soup version 0.16.1-11-g651b585 (webtiles) character file.

17319 sugabear the Blocker (level 12, -7/76 HPs)
             Began as a Gargoyle Fighter on Apr 3, 2015.
             Was an Elder of Qazlal.
             Mangled by a polar bear (19 damage)
             ... in an ice cave.
             The game lasted 00:30:01 (14481 turns).

sugabear the Blocker (Gargoyle Fighter)            Turns: 14481, Time: 00:30:01

Health: -7/76      AC: 25    Str: 25      XL:     12   Next: 46%
Magic:  24/24      EV:  9    Int:  7 (9)  God:    Qazlal [****..]
Gold:   356        SH: 18    Dex:  9      Spells: 0 memorised, 11 levels left

rFire  + + .     SeeInvis .     M - +6 war axe "Cruebr Icaots" {chop, rElec rF+}
rCold  + . .     Clarity  .     i - +2 chain mail {rC+}
rNeg   + . .     SustAb   .     c - +0 shield
rPois  ∞         Gourm    .     (no helmet)
rElec  +         Spirit   .     a - +2 cloak
rCorr  .         Warding  .     (no gloves)
rMut   .         Stasis   .     (no boots)
MR     .....                    (no amulet)
Stlth  +.........               J - ring of stealth (curse)
                                o - ring of stealth

@: repel missiles, not resistant to hostile enchantments, very unstealthy
A: camouflage 1, fire resistance 1, negative energy resistance 1, electricity
resistance, spit poison 1, unbreathing, petrification resistance, rot immunity,
AC +8
a: Spit Poison, Upheaval, Elemental Force, Renounce Religion


You were in an ice cave.
You worshipped Qazlal.
Qazlal was greatly pleased with you.
You were not hungry.

You visited 3 branches of the dungeon, and saw 12 of its levels.
You also visited: Ice Cave.

You collected 470 gold pieces.
You spent 114 gold pieces at shops.

Inventory:

Hand weapons
 s - a +2 hand axe of venom
 M - the +6 war axe "Cruebr Icaots" (weapon) {chop, rElec rF+}
   (You found it on level 10 of the Dungeon)

   It inflicts extra damage upon your enemies.
   It protects you from fire.
   It insulates you from electricity.
Armour
 a - a +2 cloak (worn)
 c - a +0 shield (worn)
 i - a +2 chain mail of cold resistance (worn)
Jewellery
 o - a ring of stealth (left hand)
 J - a cursed ring of stealth (right hand)
Magical devices
 k - a wand of teleportation (2)
 F - a wand of digging (6)
 H - a wand of disintegration (18)
 K - a wand of polymorph (15)
Scrolls
 b - 2 scrolls of vulnerability {unknown}
 f - 6 scrolls of recharging {unknown}
 g - 3 scrolls of amnesia {unknown}
 j - a scroll of random uselessness {unknown}
 l - 10 scrolls of identify
 n - 2 scrolls of magic mapping
 p - 3 scrolls of teleportation {unknown}
 q - 13 scrolls of remove curse
 t - a scroll of fear {unknown}
 y - 4 scrolls of enchant armour {unknown}
 z - 3 scrolls of blinking {unknown}
 A - a scroll of noise
 B - a scroll of fog {unknown}
 I - a scroll of acquirement {unknown}
 L - a scroll of enchant weapon {unknown}
 N - a scroll of silence {unknown}
Potions
 h - a potion of heal wounds {unknown}
 m - 2 potions of restore abilities {unknown}
 r - 2 potions of cancellation {unknown}
 u - a potion of poison {unknown}
 x - 3 potions of agility
 C - a potion of magic {unknown}
 D - a potion of invisibility {unknown}
 E - 2 potions of haste {unknown}
Comestibles
 d - 10 bread rations
 v - 6 meat rations
 G - 8 beef jerkies


   Skills:
 + Level 9.0 Fighting
 + Level 8.4 Axes
 + Level 9.1 Armour
 + Level 4.4 Dodging
 + Level 1.4 Stealth
 + Level 12.0 Shields
 * Level 8.6 Invocations


You had 11 spell levels left.
You didn't know any spells.

Dungeon Overview and Level Annotations

Branches:
Dungeon (10/15)            Temple (1/1) D:5            Lair (0/8) D:10
    Orc (1/4) D:10

Altars:
Ashenzari
Cheibriados
Dithmenos
Elyvilon
Fedhas
Gozag
Kikubaaqudgha
Makhleb
Nemelex Xobeh
Okawaru
Qazlal
Ru
Sif Muna
Trog
Vehumet
Xom
Yredelemnul
Zin
The Shining One
Beogh

Shops:
D:4 ?   D:10 (   Orc:1 :

Annotations:
D:10 3 runed doors


Innate Abilities, Weirdness & Mutations

You are resistant to torment.
You are immune to poison.
Your stone body is very resilient (AC +8).
You resist negative energy.
You are resistant to electric shocks.
You can survive without breathing.
You are immune to petrification.
You are immune to rotting.
Your skin changes colour to match your surroundings (Stealth).
Your flesh is heat resistant.
You can spit poison.


Message History

The polar bear claws you but does no damage.
The polar bear claws you.
* * * LOW HITPOINT WARNING * * *
You hit the polar bear.
The polar bear is almost dead.
You block the polar bear's attack.
The polar bear claws you but does no damage.
You block the polar bear's attack. The polar bear barely misses you.
The polar bear closely misses you.
The polar bear claws you but does no damage.
You hit the polar bear.
The polar bear is almost dead.
You block the polar bear's attack. x3
The polar bear bites you!
* * * LOW HITPOINT WARNING * * *
The polar bear claws you but does no damage.
You block the polar bear's attack.
Drink which item? (? for menu, Esc to quit)
You feel better. The polar bear bites you!!
You die...

###### ###....###
#
###...#.§..#######
#@...####.....#.§.
#.h†####
####...... #####
#######


You could see a polar bear (berserk).

Vanquished Creatures
  A frost giant (IceCv)
  The ghost of jacksonaction the Destroyer, a powerful DECj of Vehumet (IceCv)
  An ice statue (IceCv)
  Pikel (D:5)
  The ghost of VortexMagus the Basher, an experienced GrFi of Okawaru (D:6)
  Maurice (D:10)
  An orange crystal statue (D:10)
  11 polar bears (IceCv)
  Grinder (D:6)
  A two-headed ogre (D:9)
  A trapdoor spider (D:10)
  14 yaks
  The ghost of GeneralIdiocy the Skirmisher, an average DsSk of Ashenzari (D:3)
  Eustachio (D:6)
  2 wargs (D:9)
  6 wolves (IceCv)
  10 orc warriors
  A water moccasin (D:8)
  2 wasps
  3 sky beasts
  2 black bears
  A phantom (D:10)
  2 centaurs
  14 ice beasts
  8 ogres
  A crocodile (D:10)
  7 giant frogs
  Blork the orc (D:6)
  3 scorpions
  5 wights (D:10)
  10 killer bees
  2 crimson imps
  2 jellies
  A goliath beetle (D:5)
  12 orc priests
  2 giant frog skeletons
  A giant frog zombie (D:10)
  5 iguanas
  2 centaur skeletons
  14 worker ants
  8 orc wizards
  5 hounds
  Jessica (D:2)
  2 hound skeletons
  A mummy (D:9)
  A worker ant zombie (D:6)
  18 adders
  4 shadow imps
  2 worms
  An adder zombie (D:9)
  An adder skeleton (D:7)
  6 giant geckos
  An ooze (D:7)
  92 orcs
  A ball python (D:7)
  14 bats
  2 bat skeletons
  A bat zombie (D:6)
  4 giant cockroaches
  15 goblins
  17 hobgoblins
  14 jackals
  2 quokkas
  4 giant newts
  A jackal skeleton (D:7)
  17 kobolds
  2 quokka skeletons
  A quokka zombie (D:5)
  17 rats
411 creatures vanquished.

Vanquished Creatures (others)
  2 slaves (D:6)
  A goblin (D:6)
  A kobold (D:6)
  A rat (D:1)
5 creatures vanquished.

Grand Total: 416 creatures vanquished

Notes
Turn   | Place    | Note
--------------------------------------------------------------
     0 | D:1      | sugabear, the Gargoyle Fighter, began the quest for the Orb.
     0 | D:1      | Reached XP level 1. HP: 14/14 MP: 1/1
    85 | D:1      | Reached XP level 2. HP: 16/19 MP: 2/2
   428 | D:1      | Reached XP level 3. HP: 24/24 MP: 3/3
   775 | D:2      | Noticed Jessica
   779 | D:2      | Killed Jessica
   779 | D:2      | Reached XP level 4. HP: 27/29 MP: 4/4
   901 | D:2      | Reached skill level 4 in Fighting
   966 | D:2      | Found a shimmering altar of Xom.
  1372 | D:3      | Reached XP level 5. HP: 33/33 MP: 5/5
  1480 | D:3      | Found a sparkling altar of Nemelex Xobeh.
  1486 | D:3      | Found a radiant altar of Vehumet.
  1637 | D:3      | Noticed GeneralIdiocy's ghost (average DsSk)
  1667 | D:3      | Killed GeneralIdiocy's ghost
  1667 | D:3      | Reached XP level 6. HP: 17/39 MP: 6/6
  2124 | D:4      | Found Ukhlirghi's Magic Scroll Shop.
  2127 | D:4      | Bought a scroll of magic mapping for 42 gold pieces
  2185 | D:4      | Bought a scroll of remove curse for 36 gold pieces
  2274 | D:4      | Found an opulent altar of Gozag.
  2332 | D:4      | Reached skill level 5 in Shields
  2657 | D:4      | Reached skill level 1 in Dodging
  2704 | D:4      | Reached XP level 7. HP: 22/44 MP: 7/7
  2935 | D:4      | Reached skill level 5 in Fighting
  3326 | D:4      | Bought a scroll of noise for 12 gold pieces
  3326 | D:4      | Bought a scroll of identify for 24 gold pieces
  3365 | D:5      | Entered Level 5 of the Dungeon
  3393 | D:5      | Found a deep blue altar of Sif Muna.
  3581 | D:5      | Found a staircase to the Ecumenical Temple.
  3591 | Temple   | Entered the Ecumenical Temple
  3599 | Temple   | Became a worshipper of Qazlal Stormbringer
  3753 | D:5      | Reached skill level 5 in Armour
  4494 | D:5      | Reached skill level 6 in Shields
  4494 | D:5      | Reached skill level 1 in Invocations
  4569 | D:5      | HP: 1/44 [goliath beetle (12)]
  4912 | D:5      | Reached XP level 8. HP: 46/50 MP: 9/9
  5068 | D:6      | Noticed Pikel
  5112 | D:5      | Killed Pikel
  5125 | D:6      | Noticed VortexMagus' ghost (experienced GrFi)
  6034 | D:6      | Noticed Eustachio
  6036 | D:6      | Noticed Grinder
  6041 | D:6      | Paralysed by Grinder for 2 turns
  6053 | D:6      | Killed Eustachio
  6053 | D:6      | Reached skill level 1 in Stealth
  6059 | D:6      | Paralysed by Grinder for 6 turns
  6079 | D:6      | Killed Grinder
  6079 | D:6      | Reached skill level 7 in Shields
  6079 | D:6      | Reached XP level 9. HP: 49/56 MP: 12/14
  6121 | D:6      | Noticed Blork the orc
  6132 | D:6      | Killed Blork the orc
  7643 | D:6      | Killed VortexMagus' ghost
  7643 | D:6      | Reached skill level 5 in Axes
  7644 | D:6      | Found a sacrificial altar of Ru.
  8377 | D:7      | Reached skill level 8 in Shields
  8609 | D:7      | Acquired Qazlal's first power
  8917 | D:7      | Reached XP level 10. HP: 49/61 MP: 18/18
  9368 | D:8      | Reached skill level 5 in Invocations
  9505 | D:8      | Reached skill level 9 in Shields
  9872 | D:8      | Acquired Qazlal's second power
 10438 | D:9      | Gained mutation: Your skin changes colour to match your surroundings (Stealth). [mutagenic meat]
 10440 | D:9      | Gained mutation: You can spit poison. [mutagenic meat]
 10441 | D:9      | Gained mutation: Your flesh is heat resistant. [mutagenic meat]
 11081 | D:9      | Found a basalt altar of Yredelemnul.
 11082 | D:9      | Noticed a profane servitor
 11086 | D:9      | Found a glowing golden altar of the Shining One.
 11087 | D:9      | Noticed an angel
 11373 | D:9      | Found a roughly hewn altar of Beogh.
 11518 | D:10     | Entered Level 10 of the Dungeon
 11686 | D:9      | Acquired Qazlal's third power
 11918 | D:10     | Found a staircase to the Lair.
 11953 | D:10     | Reached skill level 10 in Shields
 11961 | D:10     | Reached XP level 11. HP: 55/67 MP: 21/21
 12179 | D:10     | Noticed Maurice
 12249 | D:10     | Found Etaokeh's Weapon Shoppe.
 12254 | D:10     | Found a runed door.
 12260 | D:10     | Got a crystal war axe
 12261 | D:10     | Identified the +6 war axe "Cruebr Icaots" {chop, rElec rF+} (You found it on level 10 of the Dungeon)
 12279 | D:10     | Found a runed door.
 12293 | D:10     | Found a runed door.
 12307 | D:10     | Found a runed door.
 12463 | D:10     | Found a staircase to the Orcish Mines.
 12476 | D:10     | Acquired Qazlal's fourth power
 12694 | D:10     | Found a roughly hewn altar of Beogh.
 12825 | D:10     | Killed Maurice
 13207 | Orc:1    | Entered Level 1 of the Orcish Mines
 13298 | Orc:1    | Found Catsahe's Book Emporium.
 13312 | Orc:1    | Acquired Qazlal's fifth power
 13383 | Orc:1    | Reached skill level 11 in Shields
 13388 | Orc:1    | Found a frozen archway.
 13399 | IceCv    | Entered an ice cave
 13882 | IceCv    | Noticed jacksonaction's ghost (powerful DECj)
 13893 | IceCv    | Killed jacksonaction's ghost
 13893 | IceCv    | Reached XP level 12. HP: 46/75 MP: 23/23
 13941 | IceCv    | Noticed an ice statue
 13946 | IceCv    | Killed an ice statue
 14437 | IceCv    | Noticed a frost giant
 14452 | IceCv    | Killed a frost giant
 14452 | IceCv    | Reached skill level 12 in Shields
 14480 | IceCv    | HP: 2/76 [polar bear (10)]
 14481 | IceCv    | Mangled by a polar bear

Action                   |  1- 3 |  4- 6 |  7- 9 | 10-12 || total
-------------------------+-------+-------+-------+-------++-------
Melee: War axe           |    96 |   234 |   264 |   371 ||   965
       Hand axe          |       |       |   333 |   415 ||   748
Invok: Upheaval          |       |       |       |     5 ||     5
Evoke: Wand              |       |       |       |     1 ||     1
  Use: Potion            |       |       |     1 |     7 ||     8
       Scroll            |       |       |       |     1 ||     1
 Stab: Fleeing           |       |       |       |     1 ||     1
  Eat: Chunk             |       |     7 |    11 |    21 ||    39
       Meat ration       |       |       |     1 |       ||     1
       Pizza             |       |       |     3 |     2 ||     5
